 Dungeon Crawl Stone Soup version 0.31-a0-233-g139696dc86 (webtiles) character file.

Game seed: 17126588558588307423

4 Iich the Trooper (level 1, -1/20 HPs)
             Began as a Hill Orc Fighter on July 8, 2023.
             Succumbed to a goblin's poison
             ... on level 1 of the Dungeon.
             The game lasted 00:00:19 (62 turns).

Iich the Trooper (Hill Orc Fighter)                   Turns: 62, Time: 00:00:19

Health: -1/20      AC: 10    Str: 18    XL:     1   Next: 60%
Magic:  1/1        EV:  9    Int:  8    God:
Gold:   7          SH:  4    Dex: 10    Spells: 0/0 levels left

rFire   . . .        a - +0 war axe
rCold   . . .        c - +0 buckler
rNeg    . . .        b - +0 scale mail
rPois   .            (no helmet)
rElec   .            f - +2 cloak
rCorr   .            (no gloves)
SInv    .            (no boots)
Will    .....        (no amulet) Stlth
                     (no ring)
HPRegen 0.23/turn    (no ring)
MPRegen 0.07/turn

%: no passive effects
@: lethally poisoned (-1 -> -17), hasted, very quick
A: no striking features
a: no special abilities


You were on level 1 of the Dungeon.
You visited 1 branch of the dungeon, and saw 1 of its levels.

You collected 7 gold pieces.

Inventory:

Hand Weapons
 a - a +0 war axe (weapon)
Armour
 b - a +0 scale mail (worn)
 c - a +0 buckler (worn)
 f - a +2 cloak (worn)
Scrolls
 g - a scroll of blinking {unknown}
 h - a scroll of enchant weapon {unknown}
 i - a scroll of identify {unknown}
Potions
 d - a potion of might


   Skills:
 + Level 3.7 Fighting
 * Level 3.1 Axes
 - Level 3.2 Armour
 - Level 3.2 Shields


You couldn't memorise any spells.
You didn't know any spells.
Your spell library contained the following spells:

 Spells                   Type           Power      Damage    Failure   Level
 Ensorcelled Hibernation  Hex/Ice        0%         N/A       95%         2
 Passwall                 Tmut/Erth      0%         N/A       95%         2
 Swiftness                Air            0%         N/A       99%         3


Dungeon Overview and Level Annotations

Branches:
Dungeon (1/15)

Altars:


Message History

You hit the endoplasm.
You kill the endoplasm!
The bat hits you but does no damage.
Your Axes skill increases to level 3!
Health restored: 20 The bat barely misses you.
The bat closely misses you. The goblin hits you but does no damage.
You are poisoned.
You see here a dart slug corpse.
You closely miss the goblin.
You feel very sick. The bat closely misses you. You block the goblin's attack.
The goblin hits you with a +2 dagger of venom.
You are lethally poisoned!
You take 5 damage, and have 15/20 hp. !!!!--MASSIVE DAMAGE--!!!!
You are too injured to fight recklessly!
You are too injured to fight recklessly!
You are too injured to fight recklessly!
You are too injured to fight recklessly!
You are too injured to fight recklessly!
It was a potion of haste.
You feel yourself speed up.
You feel very sick. The bat completely misses you.
The goblin hits you but does no damage.
You are more poisoned.
You take 2 damage, and have 13/20 hp.
You barely miss the bat. You hit the goblin.
* * * LOW HITPOINT WARNING * * *
You feel very sick. The bat misses you.
You take 5 damage, and have 8/20 hp. !!!!--MASSIVE DAMAGE--!!!!
You hit the goblin.
The goblin is heavily wounded.
You hit the bat but do no damage.
* * * LOW HITPOINT WARNING * * *
You feel very sick. You block the bat's attack.
The goblin hits you but does no damage.
You take 5 damage, and have 3/20 hp. !!!!--MASSIVE DAMAGE--!!!!
You hit the goblin.
You kill the goblin!
You die...

#..........#......#.....
##...............##.....
..#.#.#.#.#.#.#.#.......
.#.###############.#.....
..#####.#.##............
........................
.####..####.....#......
#..# #.....#...... #.@#
#.....#...... #.)#
#.....##..... #..#
#.....##..... #.b#
#.#########.. .... #.#
..... ..... .......


You could see a bat.

Vanquished Creatures
  A dart slug (D:1)
  An endoplasm (D:1)
  A goblin (D:1)
3 creatures vanquished.

Notes
Turn   | Place    | Note
-------+----------+-------------------------------------------
     0 | D:1      | Iich the Hill Orc Fighter began the quest for the Orb.
     0 | D:1      | Reached XP level 1. HP: 19/19 MP: 1/1
    62 | D:1      | Succumbed to a goblin's poison

Illustrated notes

Levels and vault maps discovered:
D:1:      co_arrival_square_in_a_square_in_a_square, layout_rooms, minivault_26

Skill      XL: |  1 |
---------------+----+-----
Axes           | 3 |  3.1
Fighting       | |  3.7
Armour         | |  3.2
Shields        | |  3.2

Action                     || total
---------------------------++-------
  Melee: War axe           ||     6
    Use: Potion            ||     1
 Armour: Scale mail        ||     4
  Dodge: Dodged            ||     7
  Block: Buckler           ||     2

Table legend: (Time is in decaauts)
 A = Elapsed time spent in this place.
 B = Non-inter-level travel time spent in this place.
 C = Inter-level travel time spent in this place.
 D = Time resting spent in this place.
 E = Time spent auto-exploring this place.
 F = Levels seen in this place.
 G = Mean time per level.
                   A        B        C        D        E       F      G
               +--------+--------+--------+--------+--------+-----+--------+
         Total |     62 |     62 |      0 |      0 |     40 |   1 |   62.0 |
       Dungeon |     62 |     62 |      0 |      0 |     40 |   1 |   62.0 |
               +--------+--------+--------+--------+--------+-----+--------+

Top non-repeatable levels by time:
     D:1: 62 daAuts
